Map: 16비트 - 래더

Players

GOStephano (Stephano) - Winner!

  • Race: Zerg Zerg
  • League: Master
  • Spawn Location: 1:00

Zest

  • Race: Protoss Protoss
  • League: Master
  • Spawn Location: 7:00

Event: HomeStory Cup XVII

VOD

Have the link to the VOD?

Description

Time

  • Played on: June 28, 2018, 10:09 a.m.
  • Length: 19:13

All games in this series

Show
View Real Time Build Order
Export as new Build Order

GOStephano Zerg - Winner!

Build Orders: Hatch First 

Get SALT Encoding   

  12  0:00  Drone  
  13  0:12  Overlord  
  13  0:18  Drone  
  14  0:31  Drone x2  
  16  0:50  Hatchery  
  16  0:52  Drone  
  16  0:56  Drone  
  17  1:00  Drone  
  18  1:09  Extractor  
  17  1:16  Spawning Pool  
  16  1:19  Drone  
  16  1:22  Drone  
  18  1:30  Drone  
  19  1:39  Drone  
  20  1:51  Drone  
  21  2:02  Overlord  
  21  2:03  Queen x2  
  21  2:04  Zergling x2  
  26  2:11  Drone  
  26  2:14  Drone  
  28  2:22  Metabolic Boost  
  28  2:23  Drone x2  
  30  2:37  Hatchery  
  29  2:44  Queen  
  29  2:47  Zergling x2  
  32  2:51  Overlord  
  32  2:54  Drone  
  33  3:01  Drone x2  
  34  3:06  Drone  
  34  3:12  Drone x4  
  39  3:15  Overlord  
  39  3:19  Zergling x2  
  40  3:22  Drone  
  40  3:24  Drone  
  40  3:26  Evolution Chamber  
  40  3:27  Drone  
  42  3:30  Drone  
  43  3:38  Spore Crawler  
  42  3:44  Drone  
  42  3:47  Spore Crawler  
  42  3:48  Overlord, Queen, Drone  
  43  3:50  Drone  
  46  3:55  Zerg Melee Weapons Level 1  
  46  3:56  Spore Crawler, Drone  
  46  3:59  Drone x2  
  48  4:07  Spore Crawler  
  48  4:08  Drone x2  
  48  4:09  Drone x2  
  51  4:15  Drone x4  
  56  4:21  Overlord  
  56  4:29  Overlord, Drone  
  56  4:30  Overlord  
  56  4:31  Lair  
  57  4:39  Overlord  
  57  4:41  Zergling x6  
  57  4:45  Extractor  
  59  4:46  Overlord, Extractor  
  59  4:50  Zergling x2  
  58  4:54  Zergling x2  
  58  4:55  Zergling x10  
  64  5:00  Queen  
  64  5:04  Zergling x12  
  64  5:05  Zergling x2  
  73  5:09  Overlord  
  73  5:17  Drone x3  
  74  5:30  Zergling x18  
  81  5:36  Zergling x2  
  81  5:37  Hydralisk Den, Zergling x4  
  81  5:41  Queen  
  83  5:45  Zergling x4  
  85  5:52  Queen  
  85  5:54  Spore Crawler  
  82  5:57  Zergling x12  
  82  6:01  Zergling x6  
  87  6:05  Spore Crawler  
  87  6:07  Drone x3  
  87  6:10  Drone  
  84  6:18  Zerg Melee Weapons Level 2  
  83  6:20  Drone x3  
  85  6:26  Overlord  
  85  6:29  Overlord  
  79  6:42  Overlord x2  
  78  6:52  Drone x6  
  78  6:53  Drone x4  
  75  7:03  Drone x2  
  75  7:04  Drone x4  
  76  7:14  Drone x2  
  75  7:19  Drone  
  74  7:27  Muscular Augments  
  74  7:29  Extractor  
  71  7:38  Hydralisk x5  
  81  7:51  Hydralisk x5  
  90  7:59  Overlord, Baneling Nest  
  90  8:00  Overlord x2  
  90  8:01  Hatchery  
  88  8:10  Overlord  
  81  8:15  Drone x3  
  81  8:16  Drone  
  81  8:19  Drone x8  
  90  8:21  Extractor  
  90  8:23  Extractor  
  90  8:25  Hydralisk x2  
  92  8:27  Hydralisk  
  92  8:29  Hydralisk  
  96  8:34  Hydralisk  
  96  8:35  Hydralisk  
  96  8:39  Zerg Missile Weapons Level 1  
  100  8:44  Drone  
  100  8:45  Drone x4  
  100  8:46  Drone  
  100  8:47  Hydralisk  
  108  8:51  Grooved Spines  
  108  8:54  Hydralisk  
  109  9:00  Hydralisk  
  109  9:01  Hydralisk x2  
  112  9:09  Drone x2  
  114  9:10  Overlord x2  
  114  9:16  Centrifical Hooks  
  114  9:26  Hydralisk  
  114  9:27  Hydralisk x2  
  114  9:28  Zergling x2  
  114  9:29  Zergling x12  
  114  9:30  Zergling x2  
  128  9:31  Zergling x2  
  129  9:44  Zergling x2  
  129  9:45  Zergling x14  
  134  9:53  Zergling x4  
  134  9:54  Overlord x3  
  134  9:57  Overlord  
  134  9:59  Overlord x2  
  134  10:06  Overseer, Infestation Pit, Pneumatized Carapace  
  133  10:11  Baneling x7  
  133  10:12  Baneling  
  133  10:13  Baneling  
  133  10:14  Baneling  
  132  10:17  Drone x2  
  137  10:21  Drone x4  
  138  10:28  Baneling x4  
  138  10:29  Baneling x6  
  138  10:30  Zergling x2  
  139  10:36  Zergling x2  
  137  10:43  Hive  
  137  10:46  Spire  
  137  10:48  Zergling x10  
  141  11:02  Zergling x6  
  141  11:03  Zergling x18  
  145  11:06  Overseer  
  145  11:11  Zergling x2  
  145  11:12  Zergling x10  
  145  11:13  Baneling x3  
  147  11:20  Zergling x2  
  147  11:21  Zergling x10  
  130  11:40  Zergling x2  
  130  11:41  Zergling x28  
  122  11:47  Hydralisk  
  122  11:48  Hydralisk x2  
  122  11:56  Hydralisk  
  122  11:58  Zergling x6  
  122  11:59  Zergling x8  
  120  12:04  Greater Spire  
  106  12:17  Hydralisk x7  
  106  12:20  Zergling x4  
  114  12:25  Zergling x8  
  118  12:33  Hatchery  
  118  12:36  Zerg Missile Weapons Level 2  
  115  12:48  Drone x5  
  119  12:58  Drone x4  
  121  12:59  Corruptor x3  
  121  13:00  Extractor x2  
  126  13:06  Corruptor x2  
  128  13:16  Spore Crawler  
  125  13:25  Corruptor x3  
  130  13:39  Brood Lord x4  
  138  13:44  Evolution Chamber  
  138  13:46  Brood Lord  
  138  13:48  Overseer x2  
  138  13:56  Drone x3  
  138  13:57  Drone x3  
  138  14:01  Drone x5  
  149  14:06  Brood Lord  
  150  14:27  Brood Lord x2  
  150  14:31  Drone x6  
  160  14:39  Pathogen Glands  
  160  14:41  Zerg Ground Armor Level 1  
  160  14:54  Extractor  
  160  14:55  Zerg Missile Weapons Level 3  
  160  14:59  Extractor  
  158  15:07  Zerg Flyer Armor Level 1  
  158  15:10  Drone x2  
  158  15:11  Overlord, Drone x4  
  158  15:12  Overlord x2, Spine Crawler x2  
  162  15:15  Infestor x3  
  162  15:17  Infestor  
  170  15:23  Overseer x2  
  170  15:31  Infestor x6  
  181  15:36  Neural Parasite  
  176  15:50  Infestor x3  
  179  16:03  Corruptor x3  
  185  16:09  Infestor  
  187  16:15  Spine Crawler, Drone x3  
  187  16:16  Spine Crawler x2, Drone x5  
  192  16:29  Hatchery  
  191  16:36  Infestor x3  
  191  16:37  Zerg Ground Armor Level 2  
  191  16:38  Overlord  
  191  16:39  Overlord  
  197  16:59  Brood Lord x2  
  198  17:15  Overlord  
  198  17:21  Spire  
  196  17:58  Corruptor x2  
  197  18:24  Hatchery  
  196  18:27  Extractor  
  196  18:30  Extractor  
Show
View Real Time Build Order
Export as new Build Order

Zest Protoss 

Build Orders: 1 Gate Expand, Oracle Opening, Phoenix Opening, Mass Phoenix 

Get SALT Encoding   

  12  0:00  Probe  
  13  0:12  Probe  
  14  0:18  Pylon  
  14  0:25  Probe  
  15  0:33  Probe  
  15  0:41  Probe  
  15  0:42  Gateway  
  16  0:47  Assimilator  
  17  0:51  Probe  
  18  1:03  Probe  
  19  1:15  Probe  
  20  1:25  Nexus  
  20  1:36  Cybernetics Core  
  20  1:39  Probe  
  21  1:44  Assimilator  
  21  1:51  Probe  
  22  1:55  Pylon  
  22  2:03  Probe  
  22  2:04  Adept  
  23  2:15  Stargate  
  25  2:19  Probe  
  26  2:24  Warp Gate  
  26  2:31  Probe  
  26  2:32  Adept  
  26  2:34  Probe  
  29  2:42  Probe  
  29  2:43  Probe  
  31  2:50  Phoenix  
  32  2:52  Probe  
  32  2:55  Probe  
  34  3:04  Oracle  
  36  3:06  Probe  
  36  3:09  Probe  
  38  3:18  Probe  
  42  3:21  Probe  
  42  3:26  Pylon  
  43  3:30  Assimilator, Probe  
  43  3:32  Assimilator  
  43  3:33  Probe  
  45  3:41  Pylon  
  45  3:42  Probe  
  45  3:44  Stargate  
  45  3:45  Probe  
  47  3:54  Probe  
  48  3:57  Probe  
  48  4:00  Phoenix  
  48  4:02  Pylon  
  51  4:06  Probe  
  51  4:09  Probe  
  53  4:18  Probe  
  53  4:21  Probe  
  55  4:24  Pylon  
  55  4:26  Phoenix  
  55  4:27  Phoenix  
  55  4:31  Zealot  
  61  4:40  Nexus  
  61  4:43  Pylon  
  61  4:46  Phoenix x2  
  61  4:59  Probe, Pylon  
  66  5:01  Probe  
  67  5:09  Phoenix x2  
  72  5:14  Probe x2  
  72  5:20  Shield Battery  
  73  5:34  Adept  
  72  5:36  Gateway  
  72  5:37  Void Ray  
  72  5:40  Void Ray, Shield Battery  
  80  5:55  Pylon  
  80  5:57  Pylon  
  80  6:02  Adept  
  76  6:11  Gateway  
  76  6:14  Gateway  
  76  6:16  Gateway  
  76  6:19  Pylon  
  76  6:20  Pylon  
  76  6:36  Void Ray, Probe x2  
  76  6:37  Zealot  
  74  7:00  Void Ray  
  74  7:03  Zealot  
  74  7:07  Zealot  
  73  7:09  Probe  
  73  7:10  Probe, Zealot  
  76  7:22  Probe x2  
  78  7:26  Pylon  
  78  7:29  Pylon  
  78  7:41  Pylon  
  78  7:42  Assimilator  
  78  7:44  Probe  
  78  7:45  Probe  
  80  7:52  Probe  
  80  7:54  Probe  
  82  8:14  Probe x2  
  82  8:16  Nexus  
  82  8:19  Pylon  
  84  8:22  Probe  
  84  8:24  Probe  
  85  8:30  Pylon  
  85  8:31  Probe  
  86  8:34  Probe  
  86  8:39  Sentry x3  
  94  8:41  Robotics Facility  
  94  8:43  Robotics Facility  
  94  8:44  Probe  
  94  8:46  Probe  
  96  8:51  Shield Battery  
  96  8:59  Probe x2  
  98  9:05  Pylon  
  98  9:09  Shield Battery  
  98  9:15  Probe x2  
  100  9:17  Immortal  
  100  9:20  Immortal  
  100  9:24  Gateway  
  100  9:26  Gateway  
  109  9:38  Probe x3  
  111  9:47  Twilight Council  
  111  9:50  Probe x2, Forge  
  111  9:51  Probe  
  111  9:52  Immortal  
  118  10:02  Probe  
  118  10:05  Assimilator, Resonating Glaives  
  119  10:07  Assimilator  
  119  10:09  Sentry x2, Zealot  
  119  10:10  Zealot  
  127  10:24  Pylon  
  127  10:26  Sentry x2  
  131  10:29  Photon Cannon, Pylon  
  131  10:34  Sentry  
  133  10:38  Immortal x2  
  141  10:52  Adept x2, Sentry x2  
  141  10:56  Pylon  
  149  10:59  Pylon  
  149  11:00  Pylon  
  131  11:05  Stalker  
  131  11:06  Stalker  
  135  11:12  Photon Cannon  
  135  11:17  Immortal x2  
  135  11:25  Adept x2  
  139  11:28  Adept  
  109  11:41  Adept x3  
  92  11:51  Adept x3  
  73  12:04  Adept x3  
  73  12:07  Warp Prism  
  75  12:22  Adept x3  
  77  12:26  Sentry x3  
  77  12:27  Probe  
  88  12:32  Probe  
  88  12:33  Probe  
  88  12:36  Probe, Observer  
  91  12:41  Probe x2  
  92  12:44  Probe  
  92  12:46  Protoss Ground Weapons Level 1  
  92  12:49  Sentry x2  
  92  12:50  Probe x2, Sentry  
  101  12:52  Sentry  
  101  12:56  Sentry  
  101  12:57  Sentry  
  105  13:12  Immortal  
  105  13:13  Immortal  
  109  13:31  Templar Archives  
  109  13:35  Adept  
  109  13:36  Adept x3  
  117  13:52  Colossus  
  117  13:53  Colossus x2  
  117  13:54  Immortal  
  117  13:55  Immortal  
  125  14:04  Photon Cannon  
  125  14:21  Void Ray x2  
  133  14:34  High Templar x3  
  133  14:35  High Templar x3  
  145  14:44  Archon x2  
  145  14:45  Archon  
  145  14:53  Void Ray, Protoss Air Weapons Level 1  
  145  14:54  Void Ray  
  153  15:09  Stargate  
  153  15:10  Stargate  
  153  15:16  Protoss Ground Weapons Level 2, Pylon  
  153  15:19  Observer x2  
  155  15:22  Nexus  
  155  15:30  Void Ray x2  
  155  15:31  Pylon  
  155  15:33  Colossus  
  155  15:34  Colossus x2  
  163  15:46  Void Ray  
  163  15:47  Void Ray  
  163  16:03  Observer  
  167  16:09  Psionic Storm  
  167  16:19  Fleet Beacon  
  167  16:47  High Templar  
  167  16:48  High Templar x3  
  167  16:51  Assimilator  
  169  16:55  Assimilator  
  169  17:02  Tempest  
  169  17:03  Tempest  
  167  17:11  Observer  
  175  17:16  Tempest  
  175  17:17  Probe  
  175  17:18  Probe x3  
  184  17:38  Adept x6  
  193  17:53  Tempest  
  198  17:59  Adept  
  193  18:19  Pylon  
  193  18:20  Nexus  
  155  18:44  Adept x6  
Tags
 
Add a new tag
Caveats
  • Supply blocks, unpowered buildings, or Contaminate may cause inaccurate times.
  • Supply counts are checked every 10 seconds.